 Dungeon Crawl Stone Soup version 0.16.1-16-gc44b35d (webtiles) character file.

2683 Chiseanne the Shield-Bearer (level 9, -2/69 HPs)
             Began as a Demonspawn Fighter on Apr 27, 2015.
             Was an Elder of Okawaru.
             Slain by an orc warrior
             ... wielding a +2 halberd of chopping
              (19 damage)
             ... on level 9 of the Dungeon.
             The game lasted 00:24:07 (9443 turns).

Chiseanne the Shield-Bearer (Demonspawn Fighter)    Turns: 9443, Time: 00:24:07

Health: -2/69      AC: 11    Str: 17    XL:     9   Next: 37%
Magic:  9/10       EV: 18    Int: 10    God:    Okawaru [****..]
Gold:   619        SH: 15    Dex: 20    Spells: 0 memorised, 8 levels left

rFire  + . .     SeeInvis .     a - +1 war axe
rCold  . . .     Clarity  .     u - +1 ring mail {rF+}
rNeg   . . .     SustAb   .     c - +1 shield
rPois  .         Gourm    .     (helmet restricted)
rElec  .         Spirit   .     (no cloak)
rCorr  .         Warding  .     h - +0 pair of gloves
rMut   .         Stasis   .     (no boots)
MR     .....                    B - amulet of faith
Stlth  ++........               (no ring)
                                (no ring)

@: agile, not resistant to hostile enchantments, unstealthy
A: antennae 1, large bone plates 2, spiny 2
a: Heroism, Renounce Religion


You were on level 9 of the Dungeon.
You worshipped Okawaru.
Okawaru was greatly pleased with you.
You were not hungry.

You visited 2 branches of the dungeon, and saw 10 of its levels.
You also visited: Sewer.

You collected 727 gold pieces.
You spent 108 gold pieces at shops.

Inventory:

Hand weapons
 a - a +1 war axe (weapon)
 s - a +2 trident of flaming
Missiles
 k - 118 bolts
 m - 46 sling bullets
 n - 20 poisoned needles
 x - 18 bolts of penetration
 A - a throwing net (quivered)
Armour
 c - a +1 shield (worn)
 h - a +0 pair of gloves (worn)
 u - a +1 ring mail of fire resistance (worn)
Jewellery
 y - an uncursed ring of ice
 B - an amulet of faith (around neck)
Magical devices
 j - a wand of disintegration (12)
 E - a wand of confusion (27)
Scrolls
 e - 2 scrolls of remove curse
 g - 4 scrolls of fear
 q - 2 scrolls of blinking
 t - a scroll of identify
 v - a scroll of magic mapping
 F - a scroll of recharging
 H - a scroll of teleportation
Potions
 i - a potion of resistance
 l - a potion of cancellation
 o - 7 potions of curing
 p - 4 potions of flight
 w - 2 potions of haste
 C - a potion of invisibility
 G - 3 potions of brilliance
Comestibles
 b - 8 meat rations
 d - 6 bread rations
 z - a fruit
 D - 7 beef jerkies


   Skills:
 * Level 5.7 Fighting
 * Level 5.7 Axes
 * Level 5.3 Armour
 - Level 4.9 Dodging
 * Level 6.8 Shields
 * Level 1.0 Invocations


You had 8 spell levels left.
You didn't know any spells.

Dungeon Overview and Level Annotations

Branches:
Dungeon (9/15)             Temple (1/1) D:4
   Lair: D:8-11         Orc: D:9-12

Altars:
Ashenzari
Cheibriados
Dithmenos
Elyvilon
Fedhas
Gozag
Kikubaaqudgha
Nemelex Xobeh
Okawaru
Qazlal
Ru
Sif Muna
Trog
Vehumet
Xom
Yredelemnul
Zin
The Shining One

Shops:
D:4 [   D:5 (

Annotations:
D:4 Dowan


Innate Abilities, Weirdness & Mutations

You have a pair of small antennae on your head.
You are mostly covered in large bone plates (AC +3, SH +3).
You are mostly covered in sharp spines.


Message History

The orc warrior completely misses you.
You slash the orc warrior!
The orc warrior is almost dead.
The orc wizard misses you.
The orc warrior hits you with a halberd of chopping!!
* * * LOW HITPOINT WARNING * * *
You closely miss the orc warrior.
The orc warrior is almost dead.
You hit the orc wizard.
You kill the orc wizard!
Okawaru accepts your kill.
Your Invocations skill increases to level 1!
You block the orc warrior's attack.
You hit the orc warrior but do no damage.
The orc warrior is almost dead.
You block the orc warrior's attack.
You hit the orc warrior.
The orc warrior is almost dead.
The orc warrior hits you with a halberd of chopping!!
You die...

...........###.###.....#####
##########.# #.#
##รท.......# #.# #.#
##.#.....# #.#
#.#####.#.._..##
#####.###......<........
#.........######.......#
#.###.###.# ###.... #.# #)#
#### #.# #@# #.# #o# #.#


#oo #.# #... #.# #.... . #.#... #.##8## #.# ## #)# You could see an orc warrior
and 2 orcs.

Vanquished Creatures
  Grinder (D:6)
  A hippogriff (D:8)
  A steam dragon (D:7)
  The ghost of pzskc383 the Digger, an average GrEE (D:5)
  2 sky beasts
  A black bear (D:4)
  4 ogres
  A phantom (D:5)
  Duvessa (D:4)
  A big kobold (Sewer)
  2 giant frogs (D:6)
  The ghost of Chiseanne the Grave Robber, an average SpNe (D:3)
  A gnoll sergeant (D:6)
  A wyvern skeleton (D:6)
  A killer bee (D:6)
  A quasit (D:6)
  2 centaur zombies
  A crimson imp (D:8)
  A hound (D:6)
  A giant frog skeleton (D:3)
  An orc priest (D:5)
  7 orc wizards
  A centaur skeleton (D:4)
  3 iguanas
  7 worker ants
  Ijyb (D:3)
  A worker ant zombie (D:6)
  13 adders
  3 gnolls (D:7)
  A shadow imp (D:8)
  4 giant mites
  3 worms (D:2)
  4 oozes
  5 orcs
  2 bat skeletons
  12 hobgoblins
  5 quokkas
  4 ball pythons
  11 bats
  7 giant cockroaches
  5 giant geckos
  2 giant newts
  14 goblins
  14 jackals
  24 kobolds
  A quokka zombie (D:7)
  9 rats
  5 ballistomycetes (D:8)
195 creatures vanquished.

Vanquished Creatures (others)
  A giant spore (D:8)
1 creature vanquished.

Grand Total: 196 creatures vanquished

Notes
Turn   | Place    | Note
--------------------------------------------------------------
     0 | D:1      | Chiseanne, the Demonspawn Fighter, began the quest for the Orb.
     0 | D:1      | Reached XP level 1. HP: 18/18 MP: 1/1
   451 | D:1      | Gained mutation: You are partially covered in large bone plates (AC +2, SH +2). [demonic ancestry]
   451 | D:1      | Reached XP level 2. HP: 24/24 MP: 2/2
   497 | D:2      | Found a sparkling altar of Nemelex Xobeh.
   908 | D:2      | Found a glowing golden altar of the Shining One.
  1442 | D:2      | Reached XP level 3. HP: 18/29 MP: 3/3
  2168 | D:3      | Noticed Chiseanne's ghost (average SpNe)
  2182 | D:3      | Killed Chiseanne's ghost
  2182 | D:3      | Reached XP level 4. HP: 12/37 MP: 4/4
  2603 | D:3      | Gained mutation: You are partially covered in sharp spines. [demonic ancestry]
  2603 | D:3      | Reached XP level 5. HP: 29/42 MP: 5/5
  2747 | D:3      | Noticed Ijyb
  2759 | D:3      | Killed Ijyb
  3049 | D:3      | Reached skill level 1 in Dodging
  3406 | D:3      | Reached skill level 4 in Fighting
  3428 | D:3      | Gained mutation: You are mostly covered in large bone plates (AC +3, SH +3). [demonic ancestry]
  3428 | D:3      | Reached XP level 6. HP: 44/48 MP: 6/6
  3735 | D:4      | Found a basalt altar of Yredelemnul.
  3998 | D:4      | Found a glowing drain.
  4007 | Sewer    | Entered a sewer
  4506 | D:4      | Found a staircase to the Ecumenical Temple.
  4606 | Temple   | Entered the Ecumenical Temple
  4697 | Temple   | Became a worshipper of Warmaster Okawaru
  4748 | D:4      | Found Ituusafa's Antique Armour Boutique.
  4754 | D:4      | Bought a shiny ring mail for 108 gold pieces
  4884 | D:4      | Found a deep blue altar of Sif Muna.
  5119 | D:5      | Entered Level 5 of the Dungeon
  5119 | D:5      | Noticed Duvessa
  5121 | D:5      | Noticed Dowan
  5139 | D:4      | Killed Duvessa
  5139 | D:4      | Gained mutation: You are mostly covered in sharp spines. [demonic ancestry]
  5139 | D:4      | Reached XP level 7. HP: 51/54 MP: 7/7
  5316 | D:5      | Found an opulent altar of Gozag.
  5437 | D:5      | Found Twaschuq's Weapon Boutique.
  5483 | D:5      | Noticed pzskc383's ghost (average GrEE)
  5494 | D:5      | Killed pzskc383's ghost
  5494 | D:5      | Acquired Okawaru's first power
  5494 | D:5      | Reached skill level 5 in Shields
  6155 | D:6      | Noticed Grinder
  6159 | D:6      | Reached XP level 8. HP: 61/61 MP: 8/8
  6167 | D:6      | Paralysed by Grinder for 7 turns
  6189 | D:6      | Paralysed by Grinder for 3 turns
  6192 | D:6      | Killed Grinder
  6416 | D:6      | Reached skill level 5 in Fighting
  6759 | D:6      | Reached skill level 6 in Shields
  6990 | D:6      | Reached skill level 5 in Armour
  6998 | D:6      | Reached skill level 5 in Axes
  7803 | D:7      | Gained mutation: You have a pair of small antennae on your head. [demonic ancestry]
  7803 | D:7      | Reached XP level 9. HP: 66/68 MP: 9/9
  8869 | D:8      | Found a bloodstained altar of Trog.
  8869 | D:8      | Found a white marble altar of Elyvilon.
  9363 | D:9      | Found a glowing silver altar of Zin.
  9441 | D:9      | Reached skill level 1 in Invocations
  9443 | D:9      | Slain by an orc warrior

Action                   |  1- 3 |  4- 6 |  7- 9 || total
-------------------------+-------+-------+-------++-------
Melee: War axe           |   111 |   241 |   409 ||   761
Evoke: Wand              |       |     5 |     7 ||    12
  Use: Scroll            |     8 |     6 |     8 ||    22
       Potion            |     2 |     1 |     8 ||    11
  Eat: Chunk             |     4 |     6 |     9 ||    19
       Bread ration      |       |     1 |       ||     1
       Beef jerky        |       |     1 |       ||     1
       Fruit             |       |       |     4 ||     4
